 Dungeon Crawl Stone Soup version 0.31.0-32-g396128a36d (webtiles) character file.

Game seed: 12488083909142275793

64 mparten the Digger (level 4, -3/24 HPs)
             Began as a Gargoyle Earth Elementalist on Mar 31, 2024.
             Slain by Crazy Yiuf
             ... wielding a +2 quarterstaff of chaos
              (13 damage)
             ... on level 2 of the Dungeon.
             The game lasted 00:05:06 (2020 turns).

mparten the Digger (Gargoyle Earth Elementalist)    Turns: 2020, Time: 00:05:07

Health: -3/24      AC:  0    Str: 11    XL:     4   Next: 12%
Magic:  6/8        EV: 14    Int: 18    God:
Gold:   104        SH:  0    Dex: 10    Spells: 7/8 levels left

rFire   . . .        f - melded +4 short sword (freeze)
rCold   . . .        (shield currently unavailable)
rNeg    + . .        a - melded +0 robe
rPois   ∞            (helmet currently unavailable)
rElec   .            (cloak currently unavailable)
rCorr   .            (gloves currently unavailable)
SInv    .            (boots currently unavailable)
Will    .....        (no amulet)
Stlth   ++           c - melded +5 ring of evasion
HPRegen 0.24/turn    j - melded +6 ring of intelligence
MPRegen 0.11/turn

%: no passive effects
@: pig-form (expiring), slowed
A: fast, no casting, sickness immunity, AC +3, small, negative energy resistance
1, (electricity resistance), torment resistance 1, petrification resistance
a: no special abilities


You were on level 2 of the Dungeon.
You were a filthy swine.
You visited 1 branch of the dungeon, and saw 2 of its levels.

You collected 104 gold pieces.

Inventory:

Hand Weapons
 f - a +4 short sword of freezing (melded)
Missiles
 n - 6 datura-tipped darts
Armour
 a - a +0 robe (melded)
Jewellery
 c - a +5 ring of evasion (melded)
 j - a +6 ring of intelligence (melded)
Wands
 p - a wand of flame (18)
Scrolls
 e - a scroll of torment {unknown}
 h - 2 scrolls of identify {unknown}
 i - 2 scrolls of teleportation {unknown}
 k - a scroll of enchant armour {unknown}
 l - 2 scrolls of immolation {unknown}
Potions
 b - a potion of magic
 d - a potion of brilliance {unknown}
 g - a potion of degeneration {unknown}
 m - a potion of curing {unknown}
 o - a potion of berserk rage {unknown}
 q - a potion of resistance {unknown}


   Skills:
 + Level 1.9 Dodging
 - Level 2.3 Stealth
 * Level 2.7 Spellcasting
 * Level 2.3 Conjurations
 * Level 4.3 Earth Magic


You had 7 spell levels left.
You knew the following spells:

 Your Spells              Type           Power      Damage    Failure   Level
a - Sandblast             Erth           36%        2d10      2%          1

Your spell library contained the following spells:

 Spells                   Type           Power      Damage    Failure   Level
 Passwall                 Erth           18%        N/A       9%          3
 Stone Arrow              Conj/Erth      28%        3d8       13%         3
 Brom's Barrelling Bould  Conj/Erth      14%        2d4       41%         4
 Petrify                  Alch/Erth      10%        N/A       56%         4
 Irradiate                Conj/Alch      3%         3d12      96%         5
 Sublimation of Blood     Necr           Unusable   N/A       N/A         2

Dungeon Overview and Level Annotations

Branches:
Dungeon (2/15)

Altars:
Wu Jian

Shops:
D:1 *

Annotations:
D:2 Crazy Yiuf


Innate Abilities, Weirdness & Mutations

You are a filthy swine.
You move quickly.
Your equipment is almost entirely melded.
You are incapable of wielding weapons or throwing items.
You cannot cast spells.
You are immune to sickness and miasma.
((Your stone body is resilient. (AC +3)))
You are immune to poison.
You resist negative energy. (rN+)
((You are resistant to electric shocks. (rElec)))
You are resistant to unholy torment.
You are immune to petrification.


Message History

Crazy Yiuf is heavily wounded.
Crazy Yiuf closely misses you.
You now have 7/8 mp.
The blast of sand hits Crazy Yiuf.
Crazy Yiuf is severely wounded.
Crazy Yiuf barely misses you.
Crazy Yiuf hits you with a +2 quarterstaff of chaos!
Ouch! That really hurt!
* * * LOW HITPOINT WARNING * * *
You feel yourself slow down.
You take 17 damage, and have 7/24 hp.
MASSIVE DAMAGE!!
You now have 6/8 mp.
You are too injured to fight recklessly!
Casting: Sandblast (safe; 1% risk of failure)
Confirm with . or Enter, or press ? or * to list all spells.
Aiming: Sandblast (safe; 1% risk of failure)
Press: ? - help, Shift-Dir - straight line, f/p - Crazy Yiuf
Aim: Crazy Yiuf, wielding a +2 quarterstaff of chaos, wearing a +0 cloak and carrying a wand of polymorph (severely wounded, 85% to hit)
The blast of sand hits Crazy Yiuf.
Crazy Yiuf is almost dead.
Crazy Yiuf laughs, "Line!"
Crazy Yiuf zaps a wand.
You turn into a filthy swine.
Your +4 short sword of freezing melds into your body.
Your +0 robe melds into your body.
Your +5 ring of evasion melds into your body.
Your +6 ring of intelligence melds into your body.
Your +4 short sword of freezing stops glowing.
You feel stupid. Crazy Yiuf closely misses you.
You now have 5/8 mp.
You can't do that in your present form.
Sorry, you're not good enough to have a special ability.
You see here a +0 hammer.
Crazy Yiuf attacks as he pursues you! Crazy Yiuf barely misses you.
Crazy Yiuf attacks as he pursues you! Crazy Yiuf completely misses you.
Crazy Yiuf says, "Crazy?
Crazy!?
PORCUPINE!"
Your transformation is almost over.
Crazy Yiuf attacks as he pursues you!
Crazy Yiuf hits you with a +2 quarterstaff of chaos!
Ouch! That really hurt!
You die...

.....# ♣)♣♣
###.#.####.# .....#
♣♣.♣ #...#.# #.#
.....# ♣.♣♣ #####.#
#.# .....# ♣♣.♣♣
#.....# #.# ##...#
♣...♣♣ ####### #.#
#...# ♣....♣ #.#
##### #....# #.#
#######...g#### #.#
#..........h..# #.#
#######.....#.# #.#
#.#####.# #.## #.#
#.# #..#
#.################.##
#...................#
#.###################
#)# #.#


You could see Crazy Yiuf.

Vanquished Creatures
  An adder (D:2)
  2 dart slugs (D:1)
  3 ball pythons
  6 bats
  6 endoplasms
  4 giant cockroaches
  3 goblins (D:1)
  5 hobgoblins (D:2)
  3 jackals (D:2)
  2 quokkas (D:1)
  4 frilled lizards (D:1)
  3 kobolds (D:1)
  2 rats (D:1)
44 creatures vanquished.

Notes
Turn   | Place    | Note
-------+----------+-------------------------------------------
     0 | D:1      | mparten the Gargoyle Earth Elementalist began the quest for
                  | the Orb.
     0 | D:1      | Reached XP level 1. HP: 10/10 MP: 3/3
    58 | D:1      | Reached XP level 2. HP: 8/15 MP: 0/5
   373 | D:1      | Found a faded altar of an unknown god.
   498 | D:1      | Reached skill level 4 in Earth Magic
   523 | D:1      | Reached XP level 3. HP: 19/19 MP: 4/6
   729 | D:1      | Found Amnot's General Store.
  1133 | D:2      | Reached XP level 4. HP: 24/24 MP: 6/8
  1329 | D:2      | Found an ornate altar of the Wu Jian Council.
  1982 | D:2      | Found a runed translucent door.
  1983 | D:2      | Noticed Crazy Yiuf
  2020 | D:2      | Slain by Crazy Yiuf

Illustrated notes

Levels and vault maps discovered:
D:1:      ncdulo_wetmaze, layout_basic, ebering_ecumenical_altar_mist,
          serial_shops, nicolae_shop_stone
D:2:      layout_basic, basic_altar, minmay_between, uniq_crazy_yiuf_cottage

Skill      XL: |  1  2  3 |
---------------+----------+-----
Earth Magic    | 4 |  4.3
Conjurations   | 2 |  2.3
Dodging        | |  1.9
Stealth        | |  2.3
Spellcasting   | |  2.7

Action                     |  1- 3 |  4- 6 || total
---------------------------+-------+-------++-------
  Melee: Unarmed           |     1 |       ||     1
   Cast: Sandblast         |    45 |    11 ||    56
 Armour: Robe              |    10 |     2 ||    12
         Skin              |       |     1 ||     1
  Dodge: Dodged            |    12 |    10 ||    22
